 Dungeon Crawl Stone Soup version 0.19-a0-1091-g463c9de (webtiles) character file.

209 Jmtri7 the Ducker (level 5, -2/42 HPs)
             Began as a Minotaur Gladiator on Aug 7, 2016.
             Slain by a gnoll
             ... wielding a +0 spear
              (5 damage)
             ... on level 4 of the Dungeon.
             The game lasted 00:04:41 (2317 turns).

Jmtri7 the Ducker (Minotaur Gladiator)              Turns: 2317, Time: 00:04:41

Health: -2/42      AC:  6    Str: 19    XL:     5   Next: 55%
Magic:  4/4        EV: 11    Int:  5    God:
Gold:   122        SH:  0    Dex: 12    Spells: 0 memorised, 4 levels left

rFire  + . .     SeeInvis .     a - +1 long sword
rCold  . . .     Gourm    .     p - +2 leather armour {rF+}
rNeg   . . .     Faith    .     (no shield)
rPois  .         Spirit   .     c - +1 hat
rElec  .         Dismiss  .     (no cloak)
rCorr  .         Reflect  .     (no gloves)
SustAt .         Harm     .     (no boots)
MR     .....                    (no amulet)
Stlth  +.........               (no ring)
                                m - -4 ring of evasion (curse)

@:
A: retaliatory headbutt, horns 2
a: no special abilities


You were on level 4 of the Dungeon.
You were not hungry.

You visited 1 branch of the dungeon, and saw 4 of its levels.

You collected 122 gold pieces.

Inventory:

Hand Weapons
 a - a +1 long sword (weapon)
Missiles
 d - 3 throwing nets (quivered)
Armour
 c - a +1 hat (worn)
 p - a +2 leather armour of fire resistance (worn)
Jewellery
 m - a cursed -4 ring of evasion (left hand)
Wands
 n - a wand of confusion (33/48)
 o - a wand of iceblast (10/15)
 q - a wand of heal wounds (5/9)
Scrolls
 i - 3 scrolls of teleportation
Potions
 e - a potion of lignification {unknown}
 g - a potion of might {unknown}
 j - 2 potions of beneficial mutation {unknown}
 k - a potion of ambrosia {unknown}
 r - a potion of haste {unknown}
 s - a potion of brilliance {unknown}
Comestibles
 b - a slice of pizza
 f - 2 bread rations
 h - 10 chunks of flesh
 l - 8 fruits


   Skills:
 - Level 2.4 Fighting
 - Level 3.6 Long Blades
 - Level 2.0 Throwing
 + Level 7.0 Dodging


You had 4 spell levels left.
You didn't know any spells.

Dungeon Overview and Level Annotations

Branches:
Dungeon (4/15)
 Temple: D:4-7

Altars:
Pakellas


Innate Abilities, Weirdness & Mutations

You reflexively headbutt those who attack you in melee.
You have a pair of horns on your head.


Message History

You slash the gnoll!
You kill the gnoll!
The gnoll hits you from afar with an enchanted halberd!
* * * LOW HITPOINT WARNING * * *
The gnoll hits you from afar with a spear.
* * * LOW HITPOINT WARNING * * *
The gnoll hits you but does no damage. The gnoll closely misses you.
You see here 17 bolts.
You slash the gnoll!
The gnoll is heavily wounded.
The gnoll barely misses you.
You riposte.
You hit the gnoll. Your headbutt misses the gnoll.
The gnoll is heavily wounded.
The gnoll closely misses you.
You slash the gnoll!
You kill the gnoll!
Your Dodging skill increases to level 7!
The gnoll closely misses you.
The gnoll hits you from afar with a spear.
You die...

#.# #.# #.# #.#
#.# #.# #.# #.#
#.# #.# #.#
#######.# #.#
........# #.#
#.......########
#.#
....[..(@gg.....
.>#
.......)###....#
### .........
#.< ##########


You could see 2 gnolls.

Vanquished Creatures
  An iguana (D:4)
  Ijyb (D:3)
  6 adders
  2 gnolls (D:4)
  2 oozes
  2 worms
  3 dart slugs
  3 orcs (D:3)
  2 ball pythons
  6 giant cockroaches
  9 hobgoblins
  2 jackals (D:3)
  A quokka (D:2)
  6 bats
  6 giant newts
  2 goblins
  5 kobolds
  9 rats
68 creatures vanquished.

Notes
Turn   | Place    | Note
-------+----------+-------------------------------------------
     0 | D:1      | Jmtri7 the Minotaur Gladiator began the quest for the Orb.
     0 | D:1      | Reached XP level 1. HP: 18/18 MP: 0/0
   181 | D:1      | Reached XP level 2. HP: 23/25 MP: 1/1
   218 | D:1      | Reached skill level 4 in Dodging
   635 | D:2      | Found an oddly glowing altar of Pakellas.
   718 | D:2      | Reached XP level 3. HP: 25/30 MP: 2/2
   766 | D:2      | Reached skill level 5 in Dodging
  1039 | D:2      | Reached XP level 4. HP: 28/37 MP: 3/3
  1800 | D:3      | Reached skill level 6 in Dodging
  1881 | D:3      | Noticed Ijyb
  1889 | D:3      | Killed Ijyb
  1889 | D:3      | Reached XP level 5. HP: 39/42 MP: 4/4
  2316 | D:4      | Reached skill level 7 in Dodging
  2317 | D:4      | Slain by a gnoll

Vault maps used:
D:1:      denvon_arrival_planthouse
D:2:      overflow_temple_1_default, serial_glass, glass_columns_c,
          glass_columns_a, hangedman_abyss_or_decor_stabs
D:3:      uniq_iyjb
D:4:      first_bread, uniq_sigmund, uniq_blork_the_orc

Skill      XL: |  1  2  3  4  5 |
---------------+----------------+-----
Dodging        | 4 5 6 7 |  7.0
Fighting       | |  2.4
Long Blades    | |  3.6
Throwing       | |  2.0

Action                   |  1- 3 |  4- 6 || total
-------------------------+-------+-------++-------
Melee: Long sword        |    76 |    99 ||   175
       Headbutt          |     7 |    23 ||    30
  Use: Scroll            |     4 |       ||     4
  Eat: Chunk             |       |     5 ||     5
Armor: Leather armour    |    28 |    24 ||    52
Dodge: Dodged            |    39 |    51 ||    90
